 Dungeon Crawl Stone Soup version 0.25-a0-510-ge065f6de7d (webtiles) character file.

Game seed: 11180812320723098797, levelgen mode: deterministic

59 drasked the Magician (level 3, -3/19 HPs)
             Began as a Deep Elf Wizard on Feb 15, 2020.
             Was an Initiate of Vehumet.
             Slain by a gnoll
             ... wielding a +0 dagger
              (7 damage)
             ... on level 2 of the Dungeon.
             The game lasted 00:03:29 (2421 turns).

drasked the Magician (Deep Elf Wizard)              Turns: 2421, Time: 00:03:30

Health: -3/19      AC:  2    Str:  4    XL:     3   Next: 78%
Magic:  2/10       EV: 13    Int: 23    God:    Vehumet [......]
Gold:   75         SH:  0    Dex: 13    Spells: 9/10 levels left

rFire    . . .     SeeInvis .   c - +3 dagger
rCold    . . .     Gourm    .   (no shield)
rNeg     . . .     Faith    .   a - +0 robe
rPois    .         Spirit   .   b - +0 hat
rElec    .         Reflect  .   (no cloak)
rCorr    .         Harm     .   (no gloves)
MR       .....                  (no boots)
Stlth    ++........             (no amulet)
HPRegen  0.06/turn              (no ring)
MPRegen  0.12/turn              (no ring)

@: very slightly contaminated
A: no striking features
a: Renounce Religion


You were on level 2 of the Dungeon.
You worshipped Vehumet.
Vehumet was noncommittal.
You were not hungry.

You visited 1 branch of the dungeon, and saw 3 of its levels.

You collected 75 gold pieces.

Inventory:

Hand Weapons
 c - a +3 dagger (weapon)
   (You took it off a goblin on level 2 of the Dungeon)
Missiles
 i - 7 javelins (quivered)
Armour
 a - a +0 robe (worn)
 b - a +0 hat (worn)
 l - a +0 cloak
   (You found it on level 3 of the Dungeon)
Jewellery
 f - an uncursed ring of fire {unknown}
   (You found it on level 1 of the Dungeon)
Scrolls
 h - a scroll of fear {unknown}
 j - a scroll of enchant armour {unknown}
 k - a scroll of teleportation {unknown}
Potions
 d - 2 potions of curing {unknown}
Comestibles
 e - 5 rations
 g - 2 chunks of flesh {@w0}


   Skills:
 - Level 2.4 Dodging
 - Level 2.4 Stealth
 - Level 4.4 Spellcasting
 + Level 4.1 Conjurations
   Level 1.1 Summonings
   Level 1.1 Translocations


You had 9 spell levels left.
You knew the following spells:

 Your Spells              Type           Power        Failure   Level  Hunger
a - Magic Dart            Conj           ###.         1%          1    None

Your spell library contained the following spells:

 Spells                   Type           Power        Failure   Level  Hunger
 Blink                    Tloc           N/A          10%         2    None
 Call Imp                 Summ           ##......     10%         2    None
 Conjure Flame            Conj/Fire      ##......     13%         3    ##.....
 Slow                     Hex            #.......     16%         2    None
 Mephitic Cloud           Conj/Pois/Air  ##......     17%         3    ##.....


Dungeon Overview and Level Annotations

Branches:
Dungeon (3/15)

Altars:
Trog
Vehumet
Wu Jian


Message History

g - 2 chunks of flesh {@w0} You see here a leopard gecko skeleton. x2
Eating one of 2 chunks of flesh {@w0}.
You eat one of the 2 chunks of flesh {@w0}.
k - a scroll labeled QESO LUBAWU Eating a chunk of flesh {@w0}.
You eat the chunk of flesh {@w0}.
Found a stone staircase leading up.
There is a stone staircase leading up here.
There is a stone staircase leading up here.
Found a stone staircase leading down.
Found a stone staircase leading down.
You now have 75 gold pieces (gained 8).
A hobgoblin comes into view.
A hobgoblin is nearby!
A hobgoblin is nearby!
Aim: a hobgoblin (resting)
The magic dart hits the hobgoblin but does no damage.
The hobgoblin shouts!
Aim: a hobgoblin The magic dart hits the hobgoblin but does no damage.
Aim: a hobgoblin The magic dart hits the hobgoblin!
You kill the hobgoblin!
You can't see any susceptible monsters within range! (Use Z to cast anyway.)
You start resting.
There is a stone staircase leading down here.
There is a stone staircase leading up here.
There is a shaft here.
A giant cockroach comes into view.
You see here 28 sling bullets.
A giant cockroach is nearby!
A giant cockroach is nearby!
A giant cockroach is nearby!
Aim: a giant cockroach The magic dart hits the giant cockroach.
Aim: a giant cockroach (heavily wounded)
The magic dart hits the giant cockroach.
You kill the giant cockroach!
You can't see any susceptible monsters within range! (Use Z to cast anyway.)
There is a radiant altar of Vehumet here.
You kneel at the altar of Vehumet.
Unknown command.
There is a radiant altar of Vehumet here.
You kneel at the altar of Vehumet.
Vehumet welcomes you!
You see here a giant cockroach corpse.
You butcher the giant cockroach corpse.
g - 2 chunks of flesh {@w0} You start resting.
There is a radiant altar of Vehumet here.
Done exploring.
Done exploring.
Done exploring.
Done exploring.
There is a stone staircase leading down here.
You climb downwards.
There is a stone staircase leading up here.
l - a cloak
Found an escape hatch in the ceiling.
A hobgoblin comes into view. It is wielding a +0 club.
Aim: a hobgoblin, wielding a +0 club (resting)
The magic dart hits the hobgoblin.
The hobgoblin shouts!
You hear a shout! x3
Aim: a hobgoblin, wielding a +0 club (heavily wounded)
The magic dart hits the hobgoblin but does no damage.
Aim: a hobgoblin, wielding a +0 club (heavily wounded)
The magic dart hits the hobgoblin.
You kill the hobgoblin!
An eye of draining, a hobgoblin, a gnoll and a kobold come into view.
The kobold is wielding a +2 antimagic hand axe.
The kobold shouts!
The hobgoblin shouts!
The kobold moves out of view.
Found a scroll labeled SASEFY GYSCH.
Found a bloodstained altar of Trog.
The eye of draining gazes at you.
You feel your power leaking away.
* * * LOW MAGIC WARNING * * *
The gnoll hits you with a +0 dagger. The gnoll barely misses you.
Aim: a gnoll, wielding a +0 dagger The magic dart hits the gnoll.
The gnoll hits you with a +0 dagger.
* * * LOW HITPOINT WARNING * * *
There is a stone staircase leading up here.
The gnoll closely misses you.
You climb upwards.
There is a stone staircase leading down here.
Aim: a gnoll, wielding a +0 dagger (moderately wounded)
The magic dart hits the gnoll.
The gnoll hits you with a +0 dagger.
* * * LOW HITPOINT WARNING * * *
Aim: a gnoll, wielding a +0 dagger (moderately wounded)
You miscast Magic Dart.
You are very lightly contaminated with residual magic.
Sparks fly from your hands!
* * * LOW MAGIC WARNING * * *
The gnoll hits you with a +0 dagger.
* * * LOW HITPOINT WARNING * * *
Aim: a gnoll, wielding a +0 dagger (moderately wounded)
The magic dart hits the gnoll.
* * * LOW MAGIC WARNING * * *
The gnoll hits you with a +0 dagger!
You die...

#>>## #.#
####...#### #...#
#.# #...# #.#.#
#.# #...# #.#.#
#.#
#...############
#.#.# #.#
#....).........#
#.#.#####.#
#..###########.##
........<.#
#..##...........##
#.#......##
#..##.######.#...<
#.######.# #@.##.#
##...## #.# #.#
#.g##.# ##.## ..#
#.#######..##.#
#.# ###
#.............#
#.#
############..#
#.# #[.......#
#.### #.#####.##
#.... #.# #.#
##### #.# #.#


You could see a gnoll.

Levels and vault maps discovered:
D:1:      minmay_arrival_glassed_features, layout_basic
D:2:      layout_loops_ring, vehumet_crystals, lemuel_crystal_altar,
          item_on_display_a
D:3:      layout_basic, trog_eyes_of_draining, hellmonk_ghost_happy_afterlife,
          uniq_robin, uniq_grinder

Notes
Turn   | Place    | Note
-------+----------+-------------------------------------------
     0 | D:1      | drasked the Deep Elf Wizard began the quest for the Orb.
     0 | D:1      | Reached XP level 1. HP: 10/10 MP: 7/7
   507 | D:1      | Identified a +0 club
   509 | D:1      | Reached skill level 2 in Conjurations
  1035 | D:2      | Reached XP level 2. HP: 15/15 MP: 5/9
  1075 | D:2      | Identified a +3 dagger
  1160 | D:2      | Found a radiant altar of Vehumet.
  1188 | D:2      | Reached skill level 3 in Conjurations
  1406 | D:2      | Found an ornate altar of the Wu Jian Council.
  1407 | D:2      | Identified a +0 short sword
  1410 | D:2      | Reached XP level 3. HP: 19/19 MP: 6/10
  1859 | D:2      | Identified a +0 dagger
  1863 | D:2      | Reached skill level 4 in Conjurations
  2265 | D:2      | Became a worshipper of Vehumet
  2381 | D:3      | Identified a +0 club
  2385 | D:3      | Found a bloodstained altar of Trog.
  2385 | D:3      | Noticed an eye of draining
  2385 | D:3      | Identified a +0 dagger
  2385 | D:3      | Identified a +2 antimagic hand axe
  2385 | D:3      | Identified a +0 club
  2420 | D:2      | HP: 4/19 [gnoll/+0 dagger (3)]
  2421 | D:2      | Slain by a gnoll

Table legend:
 A = Turns spent in this place as a percentage of turns spent in the entire game.
 B = Non-inter-level travel turns spent in this place as a percentage of non-inter-level travel turns spent in the entire game.
 C = Inter-level travel turns spent in this place as a percentage of turns spent in this place.
 D = Turns resting spent in this place as a percentage of non-inter-level travel turns spent in this place.
 E = Turns spent auto-exploring this place as a percentage of non-inter-level travel turns spent in this place.
 F = Non-inter-level travel turns spent in this place divided by the number of levels of this place that you've seen.
                   A       B       C       D       E      F
               +-------+-------+-------+-------+-------+----------------------
         Total | 100.0 | 100.0 |   2.2 |  39.5 |  49.4 | 789.0
       Dungeon | 100.0 | 100.0 |   2.2 |  39.5 |  49.4 | 789.0
               +-------+-------+-------+-------+-------+----------------------

Table legend:
 A = Kills in this place as a percentage of kills in entire the game.
 B = Kills by you in this place as a percentage of kills by you in the entire game.
 C = Kills by friends in this place as a percentage of kills by friends in the entire game.
 D = Other kills in this place as a percentage of other kills in the entire game.
 E = Experience gained in this place as a percentage of experience gained in the entire game.
 F = Experience gained in this place divided by the number of levels of this place that you have seen.
                   A       B       C       D       E      F
               +-------+-------+-------+-------+-------+----------------------
         Total | 100.0 | 100.0 |   N/A |   N/A | 100.0 |  28.3
       Dungeon | 100.0 | 100.0 |   N/A |   N/A | 100.0 |  28.3
               +-------+-------+-------+-------+-------+----------------------

Skill      XL: |  1  2  3 |
---------------+----------+-----
Conjurations   | 2 3 4 |  4.1
Dodging        | |  2.4
Stealth        | |  2.4
Spellcasting   | |  4.4
Summonings     | |  1.1
Translocations | |  1.1

Action                   || total
-------------------------++-------
Melee: Dagger            ||     1
 Cast: Magic Dart        ||    80
  Eat: Chunk             ||     4
Dodge: Dodged            ||    14

Vanquished Creatures
  3 adders (D:2)
  A worm (D:2)
  2 leopard geckos
  A ball python (D:2)
  2 bats
  A giant cockroach (D:2)
  3 goblins (D:2)
  4 hobgoblins
  2 jackals (D:2)
  A quokka (D:2)
  2 frilled lizards (D:2)
  2 kobolds
  4 rats
28 creatures vanquished.
